 Dungeon Crawl Stone Soup version 0.20.0-15-g7f486f2 (webtiles) character file.

2986 Mysteryquy the Cleaver (level 9, -9/72 HPs)
             Began as a Demonspawn Fighter on June 27, 2017.
             Was a Priest of Okawaru.
             Mangled by Gastronok (31 damage)
             ... on level 8 of the Dungeon on June 28, 2017.
             The game lasted 00:12:48 (7108 turns).

Mysteryquy the Cleaver (Demonspawn Fighter)         Turns: 7108, Time: 00:12:50

Health: -9/72      AC: 11    Str: 19    XL:     9   Next: 53%
Magic:  9/9        EV:  7    Int: 11    God:    Okawaru [***...]
Gold:   242        SH:  9    Dex: 12    Spells: 8/8 levels left

rFire    . . .     SeeInvis .   a - +0 war axe
rCold    + . .     Gourm    .   c - +0 shield
rNeg     . . .     Faith    .   b - +0 scale mail
rPois    .         Spirit   .   (helmet restricted)
rElec    .         Reflect  .   (no cloak)
rCorr    .         Harm     .   (no gloves)
MR       .....                  z - +0 pair of boots
Stlth    +.........             (no amulet)
Regen    0.3/turn               t - ring of stealth
MPRegen  0.2/turn               (no ring)

@: glowing
A: horns 1, icy blue scales 3, demonic guardian 1, nightstalker 1
a: Heroism, Renounce Religion


You were on level 8 of the Dungeon.
You worshipped Okawaru.
Okawaru was most pleased with you.
You were very hungry.

You visited 1 branch of the dungeon, and saw 8 of its levels.

You collected 242 gold pieces.

Inventory:

Hand Weapons
 a - a +0 war axe (weapon)
Armour
 b - a +0 scale mail (worn)
 c - a +0 shield (worn)
 z - a +0 pair of boots (worn)
Jewellery
 t - a ring of stealth (left hand)
 u - a +3 ring of strength {unknown}
 y - a +2 amulet of reflection {unknown}
Wands
 r - a wand of iceblast (12/15)
 x - a wand of random effects (16/48)
 B - a wand of iceblast (4/15)
 C - a wand of iceblast (7/15)
Scrolls
 e - 2 scrolls of magic mapping
 h - 2 scrolls of teleportation {unknown}
 j - 6 scrolls of identify
 l - 5 scrolls of remove curse {unknown}
 o - 2 scrolls of enchant weapon {unknown}
 v - a scroll of immolation
 w - a scroll of blinking
 A - a scroll of summoning {unknown}
Potions
 d - 2 potions of ambrosia {unknown}
 i - 4 potions of curing
 k - 2 potions of brilliance {unknown}
 n - 2 potions of flight {unknown}
 p - 2 potions of resistance {unknown}
 s - a potion of experience {unknown}
 E - a potion of lignification {unknown}
Comestibles
 f - 6 bread rations
 g - 2 royal jellies
 m - 6 fruits
 q - 3 meat rations


   Skills:
 + Level 7.2 Fighting
 + Level 10.7 Axes
 - Level 2.6 Armour
 - Level 2.6 Shields


You had 8 spell levels left.
You didn't know any spells.

Dungeon Overview and Level Annotations

Branches:
Dungeon (8/15)             Temple (0/1) D:7
   Lair: D:8-11

Altars:
Fedhas
Kikubaaqudgha
Nemelex Xobeh
Okawaru
Sif Muna
Uskayaw
Vehumet
Zin

Annotations:
D:5 Dowan
D:8 Gastronok


Innate Abilities, Weirdness & Mutations

You have a pair of small horns on your head.
You are completely covered in icy blue scales. (AC +4, rC+)
A weak demonic guardian rushes to your aid.
You are slightly more attuned to the shadows.


Message History

You hit Gastronok but do no damage.
Gastronok is moderately wounded.
Your shadow imp gestures at Gastronok.
Gastronok resists with almost no effort.
Your shadow imp hits Gastronok but does no damage.
Your shield and scale mail prevent you from hitting Gastronok.
You headbutt Gastronok.
Gastronok is moderately wounded.
Your shadow imp hits Gastronok. x2; You block Gastronok's attack.
You hit Gastronok.
You headbutt Gastronok, but do no damage.
Gastronok is moderately wounded.
Your shadow imp hits Gastronok. x2
You slash Gastronok!
You headbutt Gastronok, but do no damage.
Gastronok is heavily wounded.
Your shadow imp hits Gastronok.
Your shadow imp hits Gastronok but does no damage.
Gastronok bites you!!
You die...

##......# #.......#
##........
#.........
##.........
#..........
#####.......... ..
#.5...........
....##@#########...
...$.†w# ..
....#55)..._. ...
#..#..... ##
#..###### ##.. ###


You could see Gastronok and 3 friendly shadow imps.

Vanquished Creatures
  Pikel (D:4)
  The ghost of schorsch312 the Cleaver, an amateur HOFi (D:3)
  The ghost of koelner the Stinger, an amateur DsVM (D:5)
  Sigmund (D:3)
  Eustachio (D:5)
  Menkaure (D:6)
  Edmund (D:6)
  An orc warrior (D:6)
  An ogre (D:4)
  A slave (D:4)
  An ice beast (D:6)
  A phantom (D:6)
  2 centaurs
  4 bullfrogs
  2 scorpions
  A howler monkey (D:5)
  3 crimson imps
  An orc priest (D:8)
  3 hounds
  A centaur skeleton (D:8)
  A gnoll shaman (D:8)
  An orc wizard (D:6)
  2 worker ants (D:4)
  Ijyb (D:3)
  A hound skeleton (D:7)
  6 gnolls
  6 adders
  2 oozes
  An adder skeleton (D:5)
  3 dart slugs
  4 leopard geckos
  20 orcs
  9 bats
  4 giant cockroaches
  3 goblins
  7 hobgoblins
  4 jackals
  5 quokkas
  3 ball pythons
  3 frilled lizards
  A jackal skeleton (D:4)
  7 kobolds
  A leopard gecko skeleton (D:4)
  6 rats
130 creatures vanquished.

Vanquished Creatures (collateral kills)
  Grinder (D:3)
  Duvessa (D:6)
  An ogre (D:5)
  A phantom (D:6)
  A worm (D:4)
  A frilled lizard (D:3)
6 creatures vanquished.

Vanquished Creatures (others)
  A slave (D:5)
  An orc (D:5)
2 creatures vanquished.

Grand Total: 138 creatures vanquished

Notes
Turn   | Place    | Note
-------+----------+-------------------------------------------
     0 | D:1      | Mysteryquy the Demonspawn Fighter began the quest for the Orb.
     0 | D:1      | Reached XP level 1. HP: 18/18 MP: 1/1
     2 | D:1      | Noticed a minotaur
     2 | D:1      | Noticed a spriggan
     4 | D:1      | Noticed a centaur
     4 | D:1      | Noticed a dwarf
     6 | D:1      | Noticed a naga
     6 | D:1      | Noticed a gargoyle
     8 | D:1      | Noticed a human
    10 | D:1      | Noticed a felid
    12 | D:1      | Noticed a draconian
    12 | D:1      | Noticed a troll
    14 | D:1      | Noticed a halfling
    16 | D:1      | Noticed a ghoul
    16 | D:1      | Noticed an octopode
    18 | D:1      | Noticed a vine stalker
    18 | D:1      | Noticed a demigod
    20 | D:1      | Noticed a tengu
    20 | D:1      | Noticed an ogre
    22 | D:1      | Noticed an elf
    24 | D:1      | Noticed a merfolk
    24 | D:1      | Noticed a formicid
    26 | D:1      | Noticed a vampire
    26 | D:1      | Noticed a demonspawn
   204 | D:1      | Reached skill level 2 in Axes
   381 | D:1      | You fall through a shaft!
   432 | D:1      | Gained mutation: You are slightly more attuned to the shadows. [demonic ancestry]
   432 | D:1      | Reached XP level 2. HP: 18/24 MP: 2/2
   873 | D:2      | Found an iron altar of Okawaru.
   990 | D:2      | Became a worshipper of Warmaster Okawaru
  1081 | D:2      | Found a sparkling altar of Nemelex Xobeh.
  1142 | D:2      | Gained mutation: A weak demonic guardian rushes to your aid. [demonic ancestry]
  1142 | D:2      | Reached XP level 3. HP: 29/29 MP: 3/3
  1397 | D:2      | Reached skill level 3 in Axes
  1484 | D:3      | Noticed Sigmund
  1484 | D:3      | Noticed Grinder
  1550 | D:3      | Killed Sigmund
  1550 | D:3      | Reached skill level 4 in Axes
  1550 | D:3      | Reached XP level 4. HP: 3/37 MP: 4/4
  1550 | D:3      | Gained mutation: You have a pair of small horns on your head. [demonic ancestry]
  1550 | D:3      | Reached XP level 5. HP: 3/42 MP: 5/5
  1900 | D:3      | Paralysed by Grinder for 6 turns
  1903 | D:3      | Noticed schorsch312's ghost (amateur HOFi)
  1908 | D:3      | Killed Grinder
  1908 | D:3      | Reached skill level 5 in Axes
  1908 | D:3      | Gained mutation: You are partially covered in icy blue scales. (AC +2) [demonic ancestry]
  1908 | D:3      | Reached XP level 6. HP: 28/49 MP: 6/6
  1916 | D:3      | Killed schorsch312's ghost
  1916 | D:3      | Reached * piety under Okawaru
  1916 | D:3      | Reached skill level 6 in Axes
  2066 | D:3      | Found an ancient bone altar of Kikubaaqudgha.
  2172 | D:3      | Gained mutation: You are mostly covered in icy blue scales. (AC +3) [demonic ancestry]
  2172 | D:3      | Reached XP level 7. HP: 55/55 MP: 7/7
  2174 | D:3      | Noticed Ijyb
  2231 | D:3      | Killed Ijyb
  2231 | D:3      | Reached skill level 5 in Fighting
  2293 | D:3      | Found a glowing silver altar of Zin.
  2295 | D:3      | Found a blossoming altar of Fedhas.
  3164 | D:5      | Entered Level 5 of the Dungeon
  3172 | D:5      | Reached ** piety under Okawaru
  3241 | D:5      | Reached skill level 7 in Axes
  3254 | D:5      | Noticed Pikel
  3438 | D:4      | Killed Pikel
  3438 | D:4      | Reached skill level 8 in Axes
  3438 | D:4      | Reached XP level 8. HP: 51/64 MP: 8/8
  3959 | D:5      | Noticed Eustachio
  3977 | D:5      | Killed Eustachio
  4138 | D:5      | Noticed koelner's ghost (amateur DsVM)
  4418 | D:5      | Killed koelner's ghost
  4418 | D:5      | Reached skill level 9 in Axes
  4492 | D:6      | Reached *** piety under Okawaru
  4586 | D:6      | Noticed Menkaure
  4593 | D:6      | HP: 3/65 [Menkaure (9)]
  4596 | D:6      | Killed Menkaure
  4913 | D:6      | Noticed Duvessa
  4913 | D:6      | Noticed Dowan
  4950 | D:6      | Killed Duvessa
  4950 | D:6      | Gained mutation: You are completely covered in icy blue scales. (AC +4, rC+) [demonic ancestry]
  4950 | D:6      | Reached XP level 9. HP: 46/71 MP: 9/9
  5566 | D:6      | Noticed Edmund
  5586 | D:6      | Killed Edmund
  5586 | D:6      | Reached skill level 10 in Axes
  5930 | D:7      | Found a staircase to the Ecumenical Temple.
  6042 | D:7      | Found a deep blue altar of Sif Muna.
  6246 | D:7      | Found a hide-covered altar of Uskayaw.
  7083 | D:8      | Found a radiant altar of Vehumet.
  7085 | D:8      | Noticed Gastronok
  7108 | D:8      | Mangled by Gastronok

Skill      XL: |  1  2  3  4  5  6  7  8  9 |
---------------+----------------------------+-----
Axes           | 2 4 5 6 8 9 10 | 10.7
Fighting       | 4 5 6 7 |  7.2
Armour         | |  2.6
Shields        | |  2.6

Action                   |  1- 3 |  4- 6 |  7- 9 || total
-------------------------+-------+-------+-------++-------
Melee: War axe           |    99 |    32 |   376 ||   507
       Headbutt          |       |     7 |    81 ||    88
  Use: Potion            |     1 |       |     2 ||     3
       Scroll            |       |       |     4 ||     4
 Stab: Sleeping          |       |       |     7 ||     7
       Distracted        |       |       |     3 ||     3
  Eat: Chunk             |     2 |     2 |    13 ||    17
       Royal jelly       |       |       |     1 ||     1
Armor: Scale mail        |    66 |    13 |   165 ||   244
Dodge: Dodged            |    26 |    11 |    94 ||   131
Block: Shield            |    57 |    13 |   148 ||   218
